 Dungeon Crawl Stone Soup version 0.17.1-1-g73c8601 (webtiles) character file.

3887 lumilar the Protected (level 10, -3/88 HPs)
             Began as a Hill Orc Fighter on Jan 7, 2016.
             Was an Initiate of Okawaru.
             Slain by a polar bear (15 damage)
             ... created by the rage of Trog
             ... on level 8 of the Dungeon.
             The game lasted 00:50:13 (14501 turns).

lumilar the Protected (Hill Orc Fighter)           Turns: 14501, Time: 00:50:14

Health: -3/88      AC: 14    Str: 23    XL:     10   Next: 19%
Magic:  11/11      EV:  3    Int:  8    God:    Okawaru [......]
Gold:   384        SH:  0    Dex: 10    Spells: 0 memorised, 9 levels left

rFire  . . .     SeeInvis .     a - +0 war axe
rCold  . . .     Clarity  .     s - +0 plate armour
rNeg   + . .     SustAt   .     (no shield)
rPois  .         Gourm    .     (no helmet)
rElec  .         Spirit   .     (no cloak)
rCorr  .         Warding  +     (no gloves)
rMut   .         Stasis   .     (no boots)
MR     .....                    l - amulet of warding
Stlth  ..........               (no ring)
                                (no ring)

@: not resistant to hostile enchantments, extremely unstealthy
A: no striking features
a: Renounce Religion


You were on level 8 of the Dungeon.
You worshipped Okawaru.
Okawaru was noncommittal.
You were not hungry.

You visited 2 branches of the dungeon, and saw 9 of its levels.

You collected 384 gold pieces.

Inventory:

Hand Weapons
 a - a +0 war axe (weapon)
 e - a +1 falchion of holy wrath
 r - a +3 dagger of venom
 A - the +0 dagger of Fedhas's Displeasure {vamp, +Blink rElec MR+}
   (You found it on level 5 of the Dungeon)

   It inflicts no extra harm, but heals its wielder somewhat when it strikes a
   living foe.
   It insulates you from electricity.
   It affects your resistance to hostile enchantments.
   It lets you blink.
Armour
 c - a +1 shield
 s - a +0 plate armour (worn)
Jewellery
 l - an amulet of warding (around neck)
 t - an uncursed ring of see invisible {unknown}
 y - the ring of Qareku {Ice MR+ Dex+7}
   (You found it on level 4 of the Dungeon)

   [ring of ice]

   It enhances your ice magic, and weakens your fire magic.
   It affects your dexterity (+7).
   It makes you vulnerable to fire.
   It protects you from cold.
   It affects your resistance to hostile enchantments.
Wands
 b - a wand of polymorph (14)
 d - a wand of cold (0)
 h - a wand of polymorph (1)
 n - a wand of teleportation (6)
 o - a wand of digging (3)
 z - a wand of random effects (18)
 E - a wand of invisibility (0)
Scrolls
 f - 3 scrolls of teleportation
 k - 3 scrolls of remove curse
 q - a scroll of fog
 v - a scroll of amnesia {unknown}
 x - a scroll of enchant weapon
 B - 2 scrolls of identify
 F - a scroll of enchant armour
Potions
 i - 3 potions of brilliance
 p - 2 potions of lignification
 w - 2 potions of mutation {unknown}
 D - a potion of curing
Books
 j - a book of Burglary

   Spells                             Type                      Level
   a - Swiftness                      Charms/Air                   2
   b - Passwall                       Transmutation/Earth          3
   c - Passage of Golubria            Translocation                4
   d - Lee's Rapid Deconstruction     Earth                        5
   e - Darkness                       Hexes                        6
   f - Invisibility                   Hexes                        6
Comestibles
 g - 3 meat rations
 m - 2 beef jerkies
 u - 2 chunks of flesh


   Skills:
 + Level 7.9 Fighting
 + Level 0.6(1.8) Short Blades
 + Level 3.1 Long Blades
 + Level 8.0 Axes
 + Level 9.7 Armour
 + Level 3.1 Dodging
 + Level 1.8 Stealth
 + Level 7.1 Shields
 + Level 1.5 Evocations


You had 9 spell levels left.
You didn't know any spells.

Dungeon Overview and Level Annotations

Branches:
Dungeon (8/15)             Temple (1/1) D:5            Lair (0/8) D:8

Altars:
Ashenzari
Cheibriados
Dithmenos
Elyvilon
Fedhas
Gozag
Kikubaaqudgha
Makhleb
Nemelex Xobeh
Okawaru
Qazlal
Ru
Sif Muna
Trog
Vehumet
Xom
Yredelemnul
Zin
The Shining One
Lugonu


Message History

There is a stone staircase leading up here.
Unknown command.
The polar bear completely misses you.
The polar bear claws you but does no damage.
The polar bear claws you. The polar bear bites you!
* * * LOW HITPOINT WARNING * * *
The polar bear claws you but does no damage.
The polar bear completely misses you. The polar bear bites you.
* * * LOW HITPOINT WARNING * * *
The polar bear claws you.
* * * LOW HITPOINT WARNING * * *
The polar bear claws you but does no damage.
The polar bear bites you but does no damage.
The polar bear claws you but does no damage.
The polar bear claws you.
* * * LOW HITPOINT WARNING * * *
The polar bear bites you but does no damage.
The polar bear claws you but does no damage. x2
The polar bear bites you!
You die...

##.# #.# #...# #.##
##.## ##..## ##.##
#...# #...# #..#
##...## #...) #>.##
###.....#####... ##..#
##....#.h........
#..####....#...........
#...##Ohh.....##.......
##....@hh....####......
##....[h....## ###....
#..#.......## #....
##.#####....# ##...
##<## ###.## ##.. ##.##
##..## #.. ##...##
##..#.## #..
#.....####..###.# ###..
###...##..### ###
##..##


You could see 4 polar bears, a black bear (berserk) and an ogre (berserk).

Vanquished Creatures
  The ghost of Clownie the Blocker, a novice FoFi (D:6)
  A troll (D:8)
  A human (D:7)
  2 orc warriors (D:7)
  2 ice beasts
  3 sky beasts
  An ogre (D:7)
  2 phantoms
  2 centaurs
  A necrophage (D:8)
  6 giant frogs
  Blork the orc (D:5)
  A scorpion (D:6)
  6 killer bees
  10 wights
  2 crimson imps
  2 iguanas (D:5)
  3 hounds
  3 orc priests
  6 orc wizards
  4 worker ants
  A hound skeleton (D:8)
  7 gnolls
  10 adders
  A river rat (D:5)
  A shadow imp (D:7)
  A giant eyeball (D:5)
  2 adder skeletons
  A worm (D:3)
  6 giant geckos
  22 orcs
  7 bats
  9 giant cockroaches
  6 goblins
  6 hobgoblins
  11 jackals
  5 quokkas
  A giant gecko zombie (D:6)
  3 giant newts
  9 kobolds
  4 rats
173 creatures vanquished.

Notes
Turn   | Place    | Note
--------------------------------------------------------------
     0 | D:1      | lumilar the Hill Orc Fighter began the quest for the Orb.
     0 | D:1      | Reached XP level 1. HP: 19/19 MP: 1/1
   323 | D:1      | Reached XP level 2. HP: 27/27 MP: 2/2
   480 | D:1      | Reached skill level 4 in Fighting
   866 | D:1      | Reached XP level 3. HP: 33/33 MP: 3/3
  1389 | D:2      | Found a deep blue altar of Sif Muna.
  1430 | D:2      | Reached XP level 4. HP: 40/40 MP: 4/4
  3692 | D:3      | Reached XP level 5. HP: 46/46 MP: 5/5
  4192 | D:4      | Reached skill level 1 in Dodging
  4315 | D:4      | Got a brightly glowing ivory ring
  4368 | D:4      | Found a bloodstained altar of Trog.
  4431 | D:4      | Reached XP level 6. HP: 37/53 MP: 6/6
  4686 | D:4      | Reached skill level 5 in Armour
  4800 | D:4      | Reached skill level 5 in Shields
  5067 | D:5      | Entered Level 5 of the Dungeon
  5142 | D:5      | Got a warped dagger
  5211 | D:5      | Identified the cursed +0 dagger of Fedhas's Displeasure {vamp, +Blink rElec MR+} (You found it on level 5 of the Dungeon)
  5247 | D:5      | Found a staircase to the Ecumenical Temple.
  5267 | Temple   | Entered the Ecumenical Temple
  5558 | D:5      | Noticed Blork the orc
  5974 | D:5      | Reached XP level 7. HP: 25/60 MP: 7/7
  6097 | D:5      | Killed Blork the orc
  6097 | D:5      | Reached skill level 5 in Fighting
  7171 | D:4      | Became a worshipper of Trog the Wrathful
  7572 | D:6      | Reached skill level 1 in Long Blades
  7572 | D:6      | Reached skill level 5 in Axes
  7572 | D:6      | Reached skill level 6 in Armour
  7572 | D:6      | Reached XP level 8. HP: 69/69 MP: 8/8
  7693 | D:6      | Identified the ring of Qareku {Ice MR+ Dex+7} (You found it on level 4 of the Dungeon)
  8265 | D:6      | Noticed Clownie's ghost (novice FoFi)
  8305 | D:6      | Killed Clownie's ghost
  8305 | D:6      | Reached skill level 7 in Armour
  8305 | D:6      | Reached XP level 9. HP: 24/78 MP: 9/9
  9305 | D:7      | You fall through a shaft!
  9582 | D:8      | Found a sparkling altar of Nemelex Xobeh.
  9672 | D:8      | Found a shadowy altar of Dithmenos.
  9743 | D:8      | Reached skill level 8 in Armour
 10083 | D:8      | Reached skill level 1 in Evocations
 10140 | D:8      | Found a staircase to the Lair.
 10686 | D:7      | Reached skill level 1 in Stealth
 11330 | D:7      | Reached skill level 9 in Armour
 11900 | D:7      | Reached * piety under Trog
 12867 | D:7      | Reached XP level 10. HP: 52/85 MP: 10/10
 14164 | D:8      | Found a radiant altar of Vehumet.
 14166 | D:8      | Found a white marble altar of Elyvilon.
 14169 | D:8      | Found a stormy altar of Qazlal.
 14170 | D:8      | Found a sacrificial altar of Ru.
 14173 | D:8      | Found an opulent altar of Gozag.
 14174 | D:8      | Found an iron altar of Okawaru.
 14175 | D:8      | Found a basalt altar of Yredelemnul.
 14179 | D:8      | Fell from the grace of Trog
 14179 | D:8      | Became a worshipper of Warmaster Okawaru
 14501 | D:8      | Slain by a polar bear

Action                   |  1- 3 |  4- 6 |  7- 9 | 10-12 || total
-------------------------+-------+-------+-------+-------++-------
Melee: War axe           |    96 |   187 |   282 |    91 ||   656
       Dagger            |       |    99 |   132 |       ||   231
       Falchion          |       |       |   160 |    22 ||   182
Evoke: Wand              |       |       |    11 |     4 ||    15
  Use: Potion            |     3 |       |    14 |     2 ||    19
       Scroll            |     3 |    10 |     6 |       ||    19
 Stab: Invisible         |       |       |     6 |       ||     6
  Eat: Chunk             |     2 |    13 |    13 |     1 ||    29
       Bread ration      |       |     2 |     1 |     1 ||     4
       Fruit             |       |       |     4 |       ||     4
       Meat ration       |       |       |     1 |       ||     1
       Pizza             |       |       |     1 |       ||     1
       Beef jerky        |       |       |     1 |       ||     1
       Royal jelly       |       |       |       |     1 ||     1
